 Dungeon Crawl Stone Soup version 0.28.0-53-g5a82cb258f (webtiles) character file.

Game seed: 8031965408758145864

238 styxcanada the Covert (level 5, -1/27 HPs)
             Began as a Spriggan Brigand on Aug 22, 2022.
             Was an Initiate of Gozag.
             Slain by a wyvern skeleton (4 damage)
             ... on level 6 of the Dungeon on Aug 23, 2022.
             The game lasted 00:10:44 (2066 turns).

styxcanada the Covert (Spriggan Brigand)            Turns: 2066, Time: 00:10:46

Health: -1/27      AC:  3    Str:  7    XL:     5   Next: 78%
Magic:  9/9        EV: 18    Int: 12    God:    Gozag
Gold:   30         SH:  0    Dex: 19    Spells: 6/8 levels left

rFire   . . .      SeeInvis +   j - +3 short sword
rCold   . . .      Faith    .   (no shield)
rNeg    . . .      Spirit   .   b - +0 robe
rPois   .          Reflect  .   (helmet restricted)
rElec   .          Harm     .   c - +0 cloak
rCorr   .          Rampage  .   (gloves unavailable)
Will    .....                   (boots unavailable)
Stlth   ++++......              (no amulet)
HPRegen 0.09/turn               (no ring)
MPRegen 0.11/turn               (no ring)

@: gold aura, very quick
A: very small, no large weapons, unfitting armour, see invisible, speed 3
a: Renounce Religion, Potion Petition, Call Merchant, Bribe Branch


You were on level 6 of the Dungeon.
You worshipped Gozag.
Gozag was noncommittal.
You visited 2 branches of the dungeon, and saw 5 of its levels.

You collected 103 gold pieces.
You paid 73 gold pieces to Gozag.

Inventory:

Hand Weapons
 a - a +2 dagger
 j - a +3 short sword (weapon)
 l - a +0 hunting sling
Missiles
 e - 2 curare-tipped darts
 g - 87 stones
 k - 6 poisoned darts (quivered)
 p - 8 boomerangs
Armour
 b - a +0 robe (worn)
 c - a +0 cloak (worn)
Wands
 n - a wand of paralysis (7)
 s - a wand of flame (15)
Scrolls
 h - a scroll of identify
 i - a scroll of teleportation
Potions
 d - a potion of flight {unknown}
 f - a potion of ambrosia
 m - a potion of curing
 o - a potion of attraction {unknown}
 q - a potion of mutation {unknown}
 r - a potion of heal wounds {unknown}


   Skills:
 * Level 2.3 Fighting
 + Level 3.5 Short Blades
 + Level 2.6 Throwing
 * Level 2.7 Dodging
 * Level 8.0 Stealth
 * Level 2.0 Spellcasting


You had 6 spell levels left.
You knew the following spells:

 Your Spells              Type           Power      Damage    Failure   Level
a - Scorch                Fire           2%         2d5       38%         2

Your spell library contained the following spells:

 Spells                   Type           Power      Damage    Failure   Level
 Freeze                   Ice            4%         1d3       26%         1
 Conjure Flame            Conj/Fire      1%         6-21      63%         3
 Ignite Poison            Fire/Tmut/Pois 1%         N/A       63%         3
 Flame Wave               Conj/Fire      1%         2d4       95%         4
 Sticky Flame             Conj/Fire      1%         2d3       95%         4
 Summon Cactus Giant      Summ           0%         N/A       100%        6


Dungeon Overview and Level Annotations

Branches:
Dungeon (6/15)             Temple (1/1) D:6

Altars:
Gozag
Ru
Uskayaw

Annotations:
D:3 3 runed translucent doors, 2 transporters, angelusfrater's ghost, amateur HOFi; baller8008's ghost, weakling MiBe
D:6 Menkaure


Innate Abilities, Weirdness & Mutations

You are very small and have problems with some larger weapons.
You are too small for most types of armour.
You have supernaturally acute eyesight. (SInv)
You cover ground extremely quickly. (Speed+++)


Message History

There is an opulent altar of Gozag here.
You kneel at the altar of Gozag.
Gozag welcomes you!
You pay a service fee of 73 gold.
There is a staircase back to the Dungeon here.
You can't go down here!
You climb upwards.
Welcome back to the Dungeon!
There is a staircase to the Ecumenical Temple here.
Menkaure, Prince of Dust comes into view.
A wyvern skeleton comes into view.
The orc shouts!
Menkaure shouts!
The orc misses you.
You closely miss the orc. The orc completely misses you.
You hit the orc but do no damage. The orc barely misses you.
You hit the orc.
The orc is lightly wounded.
The orc misses you.
Menkaure casts a spell.
Menkaure seems to speed up.
There is a staircase to the Ecumenical Temple here.
You see here a glowing orange potion.
r - a glowing orange potion You see here a wand of flame (15).
s - a wand of flame (15)
Aiming: Paralyse
Press: ? - help, Shift-Dir - straight line, f - orc
Aim: an orc, wielding a +0 whip and wearing a +0 scale mail (lightly wounded, chance to affect: 66%)
The orc suddenly stops moving!
Menkaure hits you!!
Ouch! That really hurt!
The wyvern skeleton bites you!
* * * LOW HITPOINT WARNING * * *
The helpless orc fails to defend itself.
You skewer the orc like a kebab!!!
You kill the orc!
Menkaure murmurs, "From dust you came, to dust you will return."
Menkaure calls on the powers of darkness!
You feel a surge of unholy energy. The wyvern skeleton bites you.
You die...
Your body crumbles into a pile of gold.

.. #.# ..# ...
##.## ...#
....##...##)...#
.......>.......#
....##...##....##
#....##.##.......
#. #..#.#..##..#
# #..$Z.##...#
##.@M##....#
#..#...#....#
#.........##
#............#
#.#.########..#
..... ...# ##...
.# #..


You could see Menkaure (fast) and a wyvern skeleton.

Vanquished Creatures
  Sigmund (D:3)
  Ijyb (D:3)
  2 worms (D:2)
  4 dart slugs
  An orc (D:6)
  4 endoplasms
  A giant cockroach (D:1)
  4 goblins
  3 hobgoblins
  6 jackals
  6 kobolds
  A quokka (D:1)
  4 ball pythons
  3 bats
  A frilled lizard (D:3)
  A rat (D:3)
43 creatures vanquished.

Vanquished Creatures (others)
  6 withered plants (D:3)
6 creatures vanquished.

Grand Total: 49 creatures vanquished

Notes
Turn   | Place    | Note
-------+----------+-------------------------------------------
     0 | D:1      | styxcanada the Spriggan Brigand began the quest for the
                  | Orb.
     0 | D:1      | Reached XP level 1. HP: 10/10 MP: 2/2
    30 | D:1      | Reached skill level 6 in Stealth
   296 | D:1      | Found a faded altar of an unknown god.
   306 | D:1      | Reached XP level 2. HP: 10/14 MP: 3/3
   385 | D:1      | Got Plato's Papyrus of the Frostbite
   759 | D:2      | Reached skill level 7 in Stealth
   874 | D:2      | Reached XP level 3. HP: 11/18 MP: 4/4
  1679 | D:3      | Found a runed translucent gate.
  1679 | D:3      | Found a runed translucent gate.
  1680 | D:3      | Found a runed translucent gate.
  1689 | D:3      | Noticed baller8008's ghost (weakling MiBe)
  1689 | D:3      | Noticed angelusfrater's ghost (amateur HOFi)
  1702 | D:3      | Noticed Sigmund
  1718 | D:3      | Found a hide-covered altar of Uskayaw.
  1770 | D:3      | Killed Sigmund
  1771 | D:3      | Reached skill level 1 in Spellcasting
  1771 | D:3      | Reached XP level 4. HP: 14/23 MP: 5/7
  1771 | D:3      | Reached XP level 5. HP: 16/26 MP: 5/8
  1941 | D:3      | Noticed Ijyb
  1946 | D:3      | Found a transporter.
  1947 | D:3      | Killed Ijyb
  1951 | D:3      | Learned a level 2 spell: Scorch
  1972 | D:3      | Found a transporter.
  1984 | D:3      | Reached skill level 8 in Stealth
  2025 | D:3      | You fall into a shaft and drop 3 floors!
  2026 | D:6      | Found a staircase to the Ecumenical Temple.
  2035 | Temple   | Entered the Ecumenical Temple
  2038 | Temple   | Became a worshipper of Gozag Ym Sagoz the Greedy
  2043 | D:6      | Noticed Menkaure
  2066 | D:6      | Slain by a wyvern skeleton

Illustrated notes

Levels and vault maps discovered:
D:1:      tarquinn_simple_flora_water_a, layout_basic,
          shapermc_ecumenical_altar_rom_forum
D:2:      layout_basic
D:3:      layout_rooms, eat_drink_and_be_merry_uskayaw,
          gammafunk_temple_overflow_arena, gammafunk_ghost_cemetery,
          uniq_sigmund, uniq_robin, uniq_ijyb
D:6:      layout_basic, minmay_temple_entry_waves, serial_bayou,
          serial_bayou_lake_a, serial_bayou_pond_a, serial_bayou_crossing,
          serial_bayou_ford_a, serial_bayou_shore_a, serial_bayou_pond_d,
          minmay_small_thing, uniq_menkaure
Temple:   nicolae_temple_hex_pool

Skill      XL: |  1  2  3  4  5 |
---------------+----------------+-----
Stealth        | 6 7 8 |  8.0
Fighting       | 2 |  2.3
Short Blades   | 3 |  3.5
Dodging        | 2 |  2.7
Spellcasting   | 1 2 |  2.0
Throwing       | |  2.6

Action                   |  1- 3 |  4- 6 || total
-------------------------+-------+-------++-------
Melee: Dagger            |    18 |       ||    18
       Short sword       |    61 |    18 ||    79
Throw: Dart              |    20 |       ||    20
       Stone             |     1 |       ||     1
Evoke: Wand              |       |     1 ||     1
  Use: Scroll            |     4 |       ||     4
 Stab: Sleeping          |    14 |     1 ||    15
       Distracted        |     1 |       ||     1
       Paralysed         |       |     1 ||     1
Armor: Robe              |     9 |       ||     9
Dodge: Dodged            |    34 |    18 ||    52
